 Dungeon Crawl Stone Soup version 0.31-a0-845-g9abc20d24f (webtiles) character file.

Game seed: 1267207632692499089

36146 Nattfarinn the Marksgargoyle (level 13, -1/86 HPs)
             Began as a Gargoyle Venom Mage on Oct 3, 2023.
             Was a High Priest of Vehumet.
             Slain by a death yak (19 damage)
             ... led by a torpor snail
             ... on level 1 of the Lair of Beasts.
             The game lasted 00:51:08 (16491 turns).

Nattfarinn the Marksgargoyle (Gargoyle Venom Mage) Turns: 16491, Time: 00:51:09

Health: -1/86      AC: 26    Str: 15    XL:     13   Next: 88%
Magic:  16/23      EV: 11    Int: 23    God:    Vehumet [*****.]
Gold:   185        SH:  0    Dex: 10    Spells: 9/26 levels left

rFire   + . .        g - +4 longbow (heavy)
rCold   . . .        (shield currently unavailable)
rNeg    + + .        O - +2 robe {rN+}
rPois   ∞            q - +2 helmet
rElec   +            o - +2 cloak
rCorr   .            C - +0 pair of gloves
SInv    .            t - +2 pair of boots
Will    +....        d - amulet of Puowedghe {RegenMP rF+ Str+3 Int+2}
Stlth   ++           A - ring of willpower
HPRegen 0.34/turn    G - ring of flight
MPRegen 0.58/turn

%: no passive effects
@: flying, hasted, studying Shields, very quick
A: sickness immunity, AC +9, negative energy resistance 1, electricity
resistance, torment resistance 1, petrification resistance
a: Renounce Religion


You were on level 1 of the Lair of Beasts.
You worshipped Vehumet.
Vehumet was extremely pleased with you.
You visited 4 branches of the dungeon, and saw 15 of its levels.
You also visited: Bailey.

You collected 1582 gold pieces.
You spent 1397 gold pieces at shops.

Inventory:

Hand Weapons
 g - a +4 heavy longbow (weapon)
Armour
 o - a +2 cloak (worn)
 q - a +2 helmet (worn)
 t - a +2 pair of boots (worn)
 C - a +0 pair of gloves (worn)
 O - a +2 robe of positive energy (worn)
Jewellery
 d - the amulet of Puowedghe (around neck) {RegenMP rF+ Str+3 Int+2}
   (You bought it in a shop on level 2 of the Orcish Mines)

   [amulet of magic regeneration]

   RegenMP:   It increases your rate of magic regeneration.
   Str+3:     It affects your strength (+3).
   Int+2:     It affects your intelligence (+2).
   rF+:       It protects you from fire.
 f - a ring of ice
 A - a ring of willpower (left hand)
 G - a ring of flight (right hand)
 J - an amulet of guardian spirit
 M - a +4 ring of protection
Wands
 k - a wand of charming (5)
 H - a wand of flame (4)
 I - a wand of quicksilver (7)
Scrolls
 h - 2 scrolls of revelation
 j - a scroll of blinking
 m - a scroll of torment
 s - 2 scrolls of amnesia
 v - a scroll of butterflies
 w - 2 scrolls of vulnerability
 B - a scroll of immolation
 D - a scroll of fear
 E - 4 scrolls of teleportation
 F - 2 scrolls of poison
Potions
 a - a potion of might {unknown}
 b - 4 potions of magic
 c - 2 potions of enlightenment {unknown}
 e - a potion of invisibility {unknown}
 i - 2 potions of haste
 l - 3 potions of resistance {unknown}
 n - a potion of curing {unknown}
 r - 2 potions of cancellation {unknown}
 u - a potion of degeneration {unknown}
 x - 7 potions of ambrosia
 L - 2 potions of brilliance {unknown}
 N - a potion of heal wounds
 P - a potion of berserk rage


   Skills:
 - Level 12.0 Fighting
 + Level 15.3 Ranged Weapons
 - Level 9.5 Armour
 - Level 1.5 Dodging
 - Level 2.1 Stealth
 - Level 7.2 Spellcasting
 - Level 0.7 Transmutations
 - Level 8.8 Poison Magic


You had 9 spell levels left.
You knew the following spells:

 Your Spells              Type           Power      Damage    Failure   Level
a - Sting                 Tmut/Pois      100%       1d8       1%          1
b - Olgreb's Toxic Radia  Pois           49%        N/A       1%          4
c - Ignite Poison         Fire/Tmut/Pois 23%        N/A       1%          3
d - Foxfire               Conj/Fire      32%        2x1d5     2%          1
e - Stone Arrow           Conj/Erth      16%        3d8       6%          3
f - Lee's Rapid Deconstr  Erth           4%         3d5*      45%         5

Your spell library contained the following spells:

 Spells                   Type           Power      Damage    Failure   Level
 Spellforged Servitor     Conj/Summ      4%         N/A       100%        7
 Poisonous Vapours        Pois/Air       56%        N/A       1%          2
 Mephitic Cloud           Conj/Pois/Air  21%        N/A       1%          3
 Apportation              Tloc           16%        N/A       8%          1
 Jinxbite                 Hex            16%        N/A       12%         2
 Alistair's Intoxication  Tmut/Pois      20%        N/A       28%         5
 Freezing Cloud           Conj/Ice/Air   4%         6-21      45%         5
 Summon Ice Beast         Ice/Summ       8%         N/A       58%         4
 Summon Mana Viper        Hex/Summ       8%         N/A       91%         5
 Malign Gateway           Summ/Tloc      4%         N/A       100%        7
 Monstrous Menagerie      Summ           4%         N/A       100%        7
 Summon Horrible Things   Summ           4%         N/A       100%        8


Dungeon Overview and Level Annotations

Branches:
Dungeon (11/15)            Temple (1/1) D:7            Lair (1/5) D:11
    Orc (2/2) D:11            Elf (0/3) Orc:2        Bailey (visited)

Altars:
Ashenzari
Cheibriados
Dithmenos
Elyvilon
Fedhas
Gozag
Hepliaklqana
Kikubaaqudgha
Makhleb
Nemelex Xobeh
Okawaru
Qazlal
Ru
Sif Muna
Trog
Uskayaw
Vehumet
Wu Jian
Xom
Yredelemnul
Zin
The Shining One

Shops:
D:4 ?   D:5 :   D:9 *   D:11 [([   Orc:2 =([:*

Annotations:
D:3 Dowan, Duvessa


Innate Abilities, Weirdness & Mutations

You are immune to sickness and miasma.
Your stone body is resilient. (AC +9)
You are immune to poison.
You resist negative energy. (rN+)
You are resistant to electric shocks. (rElec)
You are resistant to unholy torment.
You are immune to petrification.


Message History

The polar bear looks even sicker.
The death yak looks even sicker.
The polar bear looks even sicker.
The water moccasin misses you. The water moccasin barely misses you.
The torpor snail looks even sicker.
The water moccasin bites you.
The polar bear attacks as it pursues you!
The polar bear bites you but does no damage.
The polar bear misses you. The polar bear barely misses you.
The death yak gores you but does no damage.
Casting: Olgreb's Toxic Radiance (mildly dangerous; 1% risk of failure)
Confirm with . or Enter, or press ? or * to list all spells.
You ignite the poison in your surroundings!
The death yak seems to burn from within!!
The death yak is heavily wounded.
The torpor snail seems to burn from within!!
You kill the torpor snail!
Vehumet accepts your kill.
You feel your power returning.
The polar bear seems to burn from within!!!
You kill the polar bear!
Vehumet accepts your kill.
You feel yourself speed up.
The death yak is poisoned.
Your toxic aura wanes.
The water moccasin barely misses you.
The water moccasin bites you but does no damage.
The death yak gores you but does no damage.
The water moccasin barely misses you.
Casting: Ignite Poison (safe; 1% risk of failure)
Confirm with . or Enter, or press ? or * to list all spells.
You ignite the poison in your surroundings!
The death yak seems to burn from within!!
The death yak is almost dead.
The death yak gores you!
* * * LOW HITPOINT WARNING * * *
The water moccasin barely misses you.
Unknown command.
You feel yourself speed up.
The water moccasin bites you but does no damage.
The death yak gores you!!
You die...

##.†...#.....#.#
#..#..#.#.8.#.##
#..#..#.....#..#
#..###..#...#.##
#..#
###.....#####
#..#
#..#..#...## ...
##....#....###
#.##.....†...# #
###..@S...#
##.Y....##
#....P#.##.#.
####.........
#.........
##..(((...
#...P(..#
#....(..#
#.......#


You could see a death yak and a water moccasin.

Vanquished Creatures
  An orc warlord (Orc:1)
  2 ogre magi (Orc:2)
  A boulder beetle (D:11)
  Erica (D:10)
  A death yak (Lair:1)
  10 two-headed ogres
  An orc high priest (Orc:2)
  2 deep trolls (Orc:2)
  Pikel (D:4)
  2 orc knights
  4 cyclopes
  2 orc sorcerers (Orc:1)
  A torpor snail (Lair:1)
  A gargoyle (D:10)
  A rime drake (Lair:1)
  A cane toad (Lair:1)
  2 komodo dragons (Lair:1)
  10 trolls
  A queen bee (D:10)
  2 polar bears (Lair:1)
  Grinder (D:3)
  2 hornets (D:8)
  Sigmund (D:5)
  3 slime creatures (D:8)
  A wyvern (D:8)
  2 vampires
  A basilisk (Lair:1)
  A wraith (D:10)
  14 yaks
  2 wargs (Orc:2)
  Menkaure (D:7)
  Edmund (D:4)
  An acid dragon (D:11)
  6 water moccasins
  A sky beast (D:7)
  33 orc warriors
  5 wolves (Lair:1)
  29 ogres
  12 centaurs
  A lemure (D:4)
  2 phantoms
  Blork the orc (D:5)
  2 kobold brigands
  6 bullfrogs
  2 scorpions
  6 wights
  32 killer bees
  4 lava snakes (D:8)
  4 jellies (D:7)
  3 gnoll boudas (D:7)
  8 hounds
  20 orc priests
  2 iguanas
  A sleepcap (D:6)
  23 orc wizards
  Robin (D:4)
  29 gnolls
  4 adders
  A shadow imp (D:6)
  A white imp (D:6)
  5 worms
  5 dart slugs
  111 orcs
  6 endoplasms
  2 giant cockroaches (D:1)
  25 goblins
  12 hobgoblins
  4 jackals (D:1)
  4 quokkas
  4 ball pythons
  4 bats
  2 frilled lizards (D:2)
  23 kobolds
  5 rats
529 creatures vanquished.

Vanquished Creatures (others)
  2 foxfires (D:7)
2 creatures vanquished.

Grand Total: 531 creatures vanquished

Notes
Turn   | Place    | Note
-------+----------+-------------------------------------------
     0 | D:1      | Nattfarinn the Gargoyle Venom Mage began the quest for the
                  | Orb.
     0 | D:1      | Reached XP level 1. HP: 10/10 MP: 3/3
    85 | D:1      | Reached skill level 1 in Fighting
   187 | D:1      | Reached XP level 2. HP: 6/17 MP: 0/5
   711 | D:1      | Reached XP level 3. HP: 21/22 MP: 6/6
   924 | D:2      | Reached skill level 1 in Ranged Weapons
   941 | D:2      | Found a blossoming altar of Fedhas.
  1226 | D:2      | Reached skill level 2 in Ranged Weapons
  1226 | D:2      | Reached XP level 4. HP: 27/27 MP: 7/7
  1973 | D:3      | Reached skill level 3 in Ranged Weapons
  1986 | D:3      | Noticed Grinder
  2132 | D:4      | Reached skill level 1 in Armour
  2132 | D:4      | Reached XP level 5. HP: 22/32 MP: 8/8
  2187 | D:4      | Found Irexzas's Magic Scroll Shoppe.
  2194 | D:4      | Bought a scroll of blinking for 75 gold pieces
  2194 | D:4      | Bought a scroll of poison for 40 gold pieces
  2496 | D:4      | Reached XP level 6. HP: 16/36 MP: 6/9
  2591 | D:4      | Reached skill level 4 in Ranged Weapons
  2778 | D:4      | Noticed Edmund
  2783 | D:4      | Killed Edmund
  2784 | D:4      | Reached XP level 7. HP: 40/40 MP: 10/10
  2905 | D:4      | Noticed Duvessa
  2916 | D:3      | Reached skill level 5 in Armour
  3529 | D:3      | Paralysed by Grinder for 3 turns
  3535 | D:3      | Paralysed by Grinder for 3 turns
  3542 | D:3      | Paralysed by Grinder for 5 turns
  3572 | D:3      | Paralysed by Grinder for 3 turns
  3577 | D:3      | Killed Grinder
  3578 | D:3      | Reached skill level 5 in Ranged Weapons
  3845 | D:5      | Entered Level 5 of the Dungeon
  3860 | D:4      | Noticed Dowan
  4030 | D:4      | Noticed Robin
  4059 | D:4      | Killed Robin
  4444 | D:5      | Reached XP level 8. HP: 43/45 MP: 11/11
  4477 | D:5      | Noticed Pikel
  4555 | D:4      | Killed Pikel
  4556 | D:4      | Reached skill level 6 in Ranged Weapons
  4615 | D:5      | Noticed Sigmund
  5516 | D:5      | Killed Sigmund
  5764 | D:5      | Reached XP level 9. HP: 19/49 MP: 12/12
  6094 | D:5      | Noticed Blork the orc
  6110 | D:5      | Killed Blork the orc
  6178 | D:5      | Found a burning altar of Makhleb.
  6319 | D:5      | Found Pebeer's Tiny Tomes.
  6326 | D:5      | Bought the Writings on Forms for 80 gold pieces
  6976 | D:6      | Found a blossoming altar of Fedhas.
  7363 | D:7      | Noticed Menkaure
  7365 | D:7      | Killed Menkaure
  7409 | D:7      | Found a staircase to the Ecumenical Temple.
  7418 | D:7      | Learned a level 4 spell: Olgreb's Toxic Radiance
  7422 | D:7      | Learned a level 3 spell: Ignite Poison
  7452 | D:7      | Reached skill level 5 in Poison Magic
  7572 | D:7      | Found a flagged portal.
  7579 | Bailey   | Entered a bailey
  7795 | Bailey   | Reached XP level 10. HP: 55/55 MP: 10/16
  7857 | Bailey   | Reached skill level 5 in Spellcasting
  8630 | D:7      | Found a shimmering blue altar of Sif Muna.
  9161 | Temple   | Entered the Ecumenical Temple
  9179 | Temple   | Became a worshipper of Vehumet
  9502 | D:8      | Found an iron altar of Okawaru.
 10114 | D:9      | Reached skill level 7 in Ranged Weapons
 10139 | D:9      | Reached * piety under Vehumet
 10139 | D:9      | Offered knowledge of Foxfire by Vehumet.
 10279 | D:9      | Reached XP level 11. HP: 35/59 MP: 14/21
 10391 | D:9      | Reached skill level 8 in Ranged Weapons
 10392 | D:9      | Reached skill level 9 in Ranged Weapons
 10615 | D:9      | Learned a level 1 spell: Foxfire
 10769 | D:9      | Found Tofydghan's General Store.
 10777 | D:9      | Bought a potion of heal wounds for 80 gold pieces
 10777 | D:9      | Bought a scroll of identify for 32 gold pieces
 10777 | D:9      | Bought a potion of berserk rage for 80 gold pieces
 11135 | D:10     | Entered Level 10 of the Dungeon
 11175 | D:10     | Noticed Erica
 11183 | D:10     | Killed Erica
 11183 | D:10     | Offered knowledge of Searing Ray by Vehumet.
 11257 | D:10     | Reached ** piety under Vehumet
 11261 | D:10     | Reached skill level 10 in Ranged Weapons
 11767 | D:10     | Offered knowledge of Stone Arrow by Vehumet.
 11768 | D:10     | Reached skill level 11 in Ranged Weapons
 11772 | D:10     | Learned a level 3 spell: Stone Arrow
 13153 | D:11     | Noticed a boulder beetle
 13158 | D:11     | Noticed an orc knight
 13159 | D:11     | Noticed a cyclops
 13162 | D:11     | Noticed a two-headed ogre
 13163 | D:11     | Killed an orc knight
 13163 | D:11     | Killed a cyclops
 13163 | D:11     | Reached *** piety under Vehumet
 13164 | D:11     | Reached skill level 12 in Ranged Weapons
 13164 | D:11     | Noticed a two-headed ogre
 13176 | D:10     | Reached XP level 12. HP: 47/64 MP: 22/22
 13389 | D:11     | Found Deixt's Antique Armour Boutique.
 13449 | D:11     | Killed a boulder beetle
 13586 | D:11     | Offered knowledge of Volatile Blastmotes by Vehumet.
 13590 | D:11     | Killed a two-headed ogre
 13591 | D:11     | Reached skill level 13 in Ranged Weapons
 13646 | D:11     | Killed a two-headed ogre
 13656 | D:11     | Found Uhyosorghyff's Armour Shop.
 13656 | D:11     | Found a staircase to the Orcish Mines.
 13656 | D:11     | Found Tamaubb's Weapon Shop.
 13858 | D:11     | Found a staircase to the Lair.
 14235 | Orc:1    | Entered Level 1 of the Orcish Mines
 14240 | Orc:1    | Paralysed by an orc sorcerer for 3 turns
 14242 | Orc:1    | Noticed an orc warlord
 14247 | Orc:1    | Reached skill level 14 in Ranged Weapons
 14248 | Orc:1    | Killed an orc warlord
 14248 | Orc:1    | Reached **** piety under Vehumet
 14413 | Orc:2    | Entered Level 2 of the Orcish Mines
 14680 | Orc:2    | Found Reip's Mass Market.
 14687 | Orc:2    | Offered knowledge of Lee's Rapid Deconstruction by Vehumet.
 14694 | Orc:2    | Learned a level 5 spell: Lee's Rapid Deconstruction
 14847 | Orc:2    | Noticed a two-headed ogre
 14848 | Orc:2    | Noticed a two-headed ogre
 14849 | Orc:2    | Noticed a two-headed ogre
 14850 | Orc:2    | Noticed a two-headed ogre
 14852 | Orc:2    | Killed a two-headed ogre
 14852 | Orc:2    | Killed a two-headed ogre
 14852 | Orc:2    | Noticed a two-headed ogre
 14853 | Orc:2    | Reached skill level 5 in Fighting
 14853 | Orc:2    | Noticed an ogre mage
 14855 | Orc:2    | Killed a two-headed ogre
 14855 | Orc:2    | Killed a two-headed ogre
 14857 | Orc:2    | Reached XP level 13. HP: 61/76 MP: 18/23
 14877 | Orc:2    | Reached skill level 10 in Fighting
 14891 | Orc:2    | Reached ***** piety under Vehumet
 14891 | Orc:2    | Offered knowledge of Starburst by Vehumet.
 15005 | Orc:2    | Found Suamn's Book Shoppe.
 15006 | Orc:2    | Found Rixug's Armour Boutique.
 15017 | Orc:2    | Found Etefeg's Antique Weapon Emporium.
 15018 | Orc:2    | Found Nietoy's Jewellery Emporium.
 15378 | Orc:2    | Found a staircase to the Elven Halls.
 15916 | Orc:2    | Bought the amulet of Puowedghe {RegenMP rF+ Str+3 Int+2}
                  | for 763 gold pieces
 15933 | Orc:2    | Bought a runed longbow for 247 gold pieces
 16027 | Lair:1   | Entered Level 1 of the Lair of Beasts
 16206 | Lair:1   | Offered knowledge of Spellforged Servitor by Vehumet.
 16217 | Lair:1   | Reached skill level 15 in Ranged Weapons
 16491 | Lair:1   | Slain by a death yak

Illustrated notes

Levels and vault maps discovered:
D:1:      dpeg_arrival_concentric_ovals, layout_loops_ring,
          kennysheep_minor_cross
D:2:      layout_loops_ring, basic_altar, minmay_tiny_reverse_x
D:3:      layout_rooms, uniq_grinder
D:4:      corexii_shantytown, layout_basic, serial_shops, shop_scrolls,
          uniq_robin, uniq_duvessa, uniq_edmund
D:5:      layout_cave_pods, makhleb_blood_cavern_becter,
          nicolae_shop_i_like_small_books_too, uniq_pikel, uniq_sigmund,
          uniq_blork_the_orc
D:6:      layout_rooms, mainiacjoe_overflow_concentric_impassable,
          amcnicky_mini_corridor_feature, minmay_misc_feat_diagonals
D:7:      cheibrodos_fertilizer, layout_rooms, kennysheep_mini_moat,
          minmay_temple_entry_sparse_star, enter_bailey_3, uniq_menkaure
D:8:      layout_loops_cross, mainiacjoe_overflow_alcove_1, kennysheep_boxes
D:9:      layout_long_grid, serial_shops, shop
D:10:     layout_long_grid, special_room [special_room_bee], uniq_erica
D:11:     layout_long_grid, due_lair_maze_entry_diamond, orc_david_3,
          serial_shops, nicolae_shop_window_shopping
Temple:   mainiacjoe_temple_bowtie_tessellation
Lair:1:   layout_cave_pods, eino_small_chamber_without_monster,
          lemuel_fruit_tree, grunt_megastairs_1
Orc:1:    layout_diamond_mine, nicolae_orc_rockfall
Orc:2:    st_orc_open, layout_diamond_mine, minmay_shop_mass

Skill      XL: |  1  2  3  4  5  6  7  8  9 10 11 12 13 |
---------------+----------------------------------------+-----
Fighting       | 1 2 7 12 | 12.0
Ranged Weapons | 2 3 4 5 6 7 12 14 15 | 15.3
Armour         | 1 3 4 6 9 |  9.5
Poison Magic   | 6 8 |  8.8
Spellcasting   | 4 7 |  7.2
Dodging        | |  1.5
Stealth        | |  2.1
Transmutations | |  0.7

Action                     |  1- 3 |  4- 6 |  7- 9 | 10-12 | 13-15 || total
---------------------------+-------+-------+-------+-------+-------++-------
  Melee: Unarmed           |    26 |       |       |       |       ||    26
         Punch             |     1 |       |       |       |       ||     1
         Sling             |       |       |     6 |       |       ||     6
   Fire: Sling             |    89 |   239 |   421 |       |       ||   749
         Arbalest          |       |       |   118 |   435 |    69 ||   622
         Longbow           |       |       |       |       |    78 ||    78
   Cast: Sting             |    16 |       |     6 |       |       ||    22
         Olgreb's Toxic Ra |       |       |     6 |    63 |    20 ||    89
         Ignite Poison     |       |       |     5 |    39 |    16 ||    60
         Foxfire           |       |       |       |     1 |       ||     1
         Stone Arrow       |       |       |       |       |     9 ||     9
  Evoke: Wand              |       |     4 |     1 |       |       ||     5
    Use: Scroll            |       |     7 |     8 |     9 |     1 ||    25
         Potion            |       |       |     1 |       |     1 ||     2
 Armour: Robe              |    52 |    40 |   110 |   289 |   133 ||   624
         Chain mail        |       |   169 |   429 |       |       ||   598
  Dodge: Dodged            |    51 |   100 |   191 |   207 |    76 ||   625

Table legend: (Time is in decaauts)
 A = Elapsed time spent in this place.
 B = Non-inter-level travel time spent in this place.
 C = Inter-level travel time spent in this place.
 D = Time resting spent in this place.
 E = Time spent auto-exploring this place.
 F = Levels seen in this place.
 G = Mean time per level.
                   A        B        C        D        E       F      G
               +--------+--------+--------+--------+--------+-----+--------+
         Total |  17219 |  15537 |   1682 |   2781 |   9125 |  16 | 1076.2 |
       Dungeon |  14007 |  12543 |   1464 |   2400 |   7384 |  11 | 1273.4 |
        Temple |     35 |      2 |     33 |      0 |      0 |   1 |   35.0 |
          Lair |    506 |    506 |      0 |      0 |    359 |   1 |  506.0 |
  Orcish Mines |   1796 |   1612 |    184 |    370 |    931 |   2 |  898.0 |
        Bailey |    874 |    874 |      0 |     11 |    451 |   1 |  874.0 |
               +--------+--------+--------+--------+--------+-----+--------+

Top non-repeatable levels by time:
     D:4: 2531 daAuts
     D:8: 1567 daAuts
     D:7: 1561 daAuts
     D:3: 1388 daAuts
   Orc:2: 1319 daAuts
     D:5: 1230 daAuts
     D:9: 1137 daAuts
    D:10: 959 daAuts
    D:11: 940 daAuts
     D:6: 916 daAuts
     D:1: 906 daAuts
  Bailey: 874 daAuts
     D:2: 868 daAuts
  Lair:1: 506 daAuts
   Orc:1: 476 daAuts
